 Dungeon Crawl Stone Soup version 0.30-a0-748-ge6a52f7cba (webtiles) character file.

Game seed: 17547229565012655410

2 Esekla the Sneak (level 1, -2/16 HPs)
             Began as an Octopode Delver on Feb 8, 2023.
             Slain by an orc
             ... wielding a +0 dagger
              (5 damage)
             ... on level 5 of the Dungeon.
             The game lasted 00:01:33 (134 turns).

Esekla the Sneak (Octopode Delver)                   Turns: 134, Time: 00:01:33

Health: -2/16      AC:  1    Str: 11    XL:     1   Next: 30%
Magic:  1/1        EV: 13    Int: 12    God:
Gold:   22         SH:  0    Dex: 13    Spells: 0/0 levels left

rFire   . . .      SeeInvis .    a - +0 falchion
rCold   . . .      Faith    .    (no shield)
rNeg    . . .      Spirit   .    (helmet restricted)
rPois   .          Reflect  .    (no amulet)
rElec   .          Harm     .    (no ring)
rCorr   .          Rampage  .    (no ring)
Will    .....                    (no ring)
Stlth   ++                       (no ring)
HPRegen 0.22/turn                (no ring)
MPRegen 0.07/turn                (no ring)
                                 (no ring)
                                 (no ring)

@: confused, hasted, very quick
A: almost no armour, amphibious, 8 rings, camouflage 1, gelatinous body 1,
(nimble swimmer 1), tentacles
a: no special abilities


You were on level 5 of the Dungeon.
You visited 1 branch of the dungeon, and saw 1 of its levels.

You collected 22 gold pieces.

Inventory:

Hand Weapons
 a - a +0 falchion (weapon)
Wands
 f - a wand of digging (3)
Scrolls
 b - a scroll of fog


   Skills:
 + Level 3.0 Fighting
 + Level 2.0 Long Blades
 + Level 2.0 Dodging
 + Level 6.7 Stealth


You couldn't memorise any spells.
You didn't know any spells.
Your spell library was empty.

Dungeon Overview and Level Annotations

Branches:
Dungeon (5/15)
 Temple: D:4-7

Altars:

Annotations:
D:5 Eustachio, Sigmund


Innate Abilities, Weirdness & Mutations

You cannot wear most types of armour.
You are amphibious.
You can wear up to eight rings at the same time.
Your skin changes colour to match your surroundings (Stealth+).
Your rubbery body absorbs attacks. (AC +1, EV +1)
((You are camouflaged when in or above water. (Stealth+)))
You have tentacles for arms and can constrict up to eight enemies at once.


Message History

You close the door.
Something unseen opens the door.
You closely miss the orc. You grab the orc. You constrict the orc.
The orc hits you with a +0 hand axe.
You hit the orc. You squeeze the orc.
You kill the orc!
You start resting.
You hear the slow hiss of a distant avalanche of sand.
You open the door.
There is an open door here.
You open the door.
An orc, 2 orc wizards and an orc priest come into view.
The orc priest shouts!
The orc wizard shouts!
The orc shouts!
There is an open door here.
You feel yourself speed up.
The orc wizard shouts!
The orc priest hits you with a +0 dagger.
The orc wizard hits you with a +0 dagger.
The orc wizard mumbles some strange words.
The orc wizard flickers and vanishes!
Deactivating autopickup; reactivate with Ctrl-A.
The orc wizard mumbles some strange words.
The orc wizard flickers and vanishes!
The orc priest looks satisfied for a moment.
The orc wizard shouts!
You hear a shout! x2
The orc priest miscasts a cantrip.
The orc wizard shouts!
The orc priest mumbles some strange prayers to Beogh against you.
Pain shoots through your body!
You open the door.
You are confused.
You're too confused to move!
Sigmund the Dreaded comes into view.
He is wielding a +0 scythe.
A magic dart appears from out of thin air!
The magic dart hits you!
Ouch! That really hurt!
* * * LOW HITPOINT WARNING * * *
The orc wizard mumbles some strange words.
The orc wizard flickers and vanishes!
The orc hits you with a +0 dagger.
You die...

............#,,,,,,**,,,,,**,,,**
######'######,,,,,,,*,,,,,,,,,,**
............#,,,,,,,*,,,,,,,,,,,,
............#########,,,,,,,,,,,,
....................#####'**,,,,,
.............{o...........,*,,,,,
.....................o....,+,,,,,
##+#########........{.....,*,,,**
+,,,,*,,,,,#....@o........,*,,,**
*,,,,*,,,,,#...o..........,*,,,,,
*,,,,,,,,,,######'##......,*,,,,,
,,,,,,,*+****,,,...*.@....,*,,,,,
,***,,,,,,,**,,....#......,*,,,,,
,*∩*,,,,,,,,,,.....#......,*,,,**
**,***,,,,,**......#,,...,,*,,,**
,,,,,*,,,,,*#......#,,,,,,,*,,,*,
**,***,,,,,,.......#,,,,,,,*,,,*,


You could see Sigmund, an orc priest, 2 orc wizards and an orc.

Vanquished Creatures
  An orc (D:5)
1 creature vanquished.

Notes
Turn   | Place    | Note
-------+----------+-------------------------------------------
     0 | D:5      | Esekla the Octopode Delver began the quest for the Orb.
     0 | D:5      | Reached XP level 1. HP: 16/16 MP: 1/1
     0 | D:5      | Noticed Eustachio
    61 | D:5      | Noticed an orc wizard
    61 | D:5      | Noticed an orc wizard
    61 | D:5      | Noticed an orc wizard
    61 | D:5      | Noticed an orc wizard
   113 | D:5      | Noticed an orc wizard
   113 | D:5      | Noticed an orc wizard
   113 | D:5      | Noticed an orc priest
   134 | D:5      | Noticed Sigmund
   134 | D:5      | Slain by an orc

Illustrated notes

Levels and vault maps discovered:
D:5:      layout_gridville, lemuel_tele_altar, nicolae_ossuary_entry_plus,
          uniq_eustachio, uniq_prince_ribbit1, uniq_sigmund

Action                     || total
---------------------------++-------
  Melee: Falchion          ||     4
         Constrict         ||     1
         Tentacles         ||     1
    Use: Scroll            ||     2
         Potion            ||     1
 Armour: Skin              ||     1
  Dodge: Dodged            ||    10

Table legend: (Time is in decaauts)
 A = Elapsed time spent in this place.
 B = Non-inter-level travel time spent in this place.
 C = Inter-level travel time spent in this place.
 D = Time resting spent in this place.
 E = Time spent auto-exploring this place.
 F = Levels seen in this place.
 G = Mean time per level.
                   A        B        C        D        E       F      G
               +--------+--------+--------+--------+--------+-----+--------+
         Total |    128 |    128 |      0 |     18 |      0 |   1 |  128.0 |
       Dungeon |    128 |    128 |      0 |     18 |      0 |   1 |  128.0 |
               +--------+--------+--------+--------+--------+-----+--------+

Top non-repeatable levels by time:
     D:5: 128 daAuts
